 Dungeon Crawl Stone Soup version 0.23.2-33-g5129a83184 (webtiles) character file.

Game seed: 13121239876408938469

77 Descartes the Grasshopper (level 4, 0/23 HPs)
             Began as a Spriggan Warper on July 6, 2019.
             Slain by a shadow imp (2 damage)
             ... on level 2 of the Dungeon.
             The game lasted 00:04:34 (1587 turns).

Descartes the Grasshopper (Spriggan Warper)         Turns: 1587, Time: 00:04:35

Health: 0/23       AC:  2    Str:  7    XL:     4   Next: 13%
Magic:  10/10      EV: 19    Int: 15    God:
Gold:   91         SH:  0    Dex: 15    Spells: 5/9 levels left

rFire    . . .     SeeInvis +   r - +0 dagger (vamp)
rCold    . . .     Gourm    .   (shield restricted)
rNeg     . . .     Faith    .   b - +0 robe
rPois    .         Spirit   .   (helmet restricted)
rElec    .         Reflect  .   (no cloak)
rCorr    .         Harm     .   (gloves unavailable)
MR       .....                  (boots unavailable)
Stlth    ++........             g - amulet of magic regeneration
HPRegen  0.07/turn              (no ring)
MPRegen  0.37/turn              (no ring)

@: very quick
A: very small, unfitting armour, see invisible, herbivore, speed 3, slow
metabolism 2
a: no special abilities


You were on level 2 of the Dungeon.
You were not hungry.

You visited 1 branch of the dungeon, and saw 2 of its levels.

You collected 91 gold pieces.

Inventory:

Hand Weapons
 r - a +0 vampiric dagger (weapon)
Missiles
 e - 5 tomahawks of dispersal (quivered)
 j - 21 poisoned needles
 k - 4 bolts
 p - 6 arrows
Armour
 b - a +0 robe (worn)
Jewellery
 g - an amulet of magic regeneration (around neck)
Scrolls
 c - 3 scrolls of remove curse {unknown}
 d - a scroll of blinking
 h - a scroll of enchant weapon {unknown}
 i - a scroll of enchant armour {unknown}
 l - a scroll of immolation {unknown}
 o - a scroll of identify {unknown}
 q - a scroll of random uselessness {unknown}
Potions
 m - 3 potions of haste {unknown}
 n - a potion of resistance {unknown}


   Skills:
 + Level 1.8 Fighting
 * Level 2.9 Short Blades
 - Level 1.0 Throwing
 * Level 4.3 Dodging
 * Level 2.5 Stealth
 * Level 3.3 Spellcasting
 * Level 1.4 Charms
 + Level 4.5 Translocations


You had 5 spell levels left.
You knew the following spells:

 Your Spells              Type           Power        Failure   Level  Hunger
a - Blink                 Tloc           N/A          4%          2    ##.....
b - Shroud of Golubria    Chrm/Tloc      ##........   9%          2    ##.....

Your spell library contained the following spells:

 Spells                   Type           Power        Failure   Level  Hunger
 Gell's Gravitas          Tloc           ###.......   9%          3    ###....
 Lesser Beckoning         Tloc           ###.......   9%          3    ###....
 Teleport Other           Tloc           ###.....     9%          3    ###....
 Passage of Golubria      Tloc           N/A          30%         4    ####...


Dungeon Overview and Level Annotations

Branches:
Dungeon (2/15)

Altars:


Innate Abilities, Weirdness & Mutations

You are very small and have problems with some larger weapons.
You are too small for most types of armour.
You have supernaturally acute eyesight. (SInv)
You are a herbivore.
You cover ground extremely quickly.
You need to consume almost no food.


Message History

The shadow imp hits you but does no damage.
You hit the shadow imp but do no damage.
The shadow imp is almost dead.
The shadow imp hits you.
* * * LOW HITPOINT WARNING * * *
You hit the shadow imp but do no damage.
The shadow imp is almost dead.
The shadow imp misses you.
You hit the shadow imp but do no damage.
The shadow imp is almost dead.
The shadow imp completely misses you.
You closely miss the shadow imp.
The shadow imp is almost dead.
You hit the shadow imp but do no damage.
The shadow imp is almost dead.
The shadow imp hits you but does no damage.
You hit the shadow imp but do no damage.
The shadow imp is almost dead.
The shadow imp hits you.
You die...

.....##...##.......
#...##...#>.#.....##.
#...##.......>...#..
#...##...#.....#...
#)..'†...#........##
#...#..............
#...#####.%...##.#
###...# #.........#
......# #......@5.#
...†..#..............#
......#..#.........###
##########.........#
#.........#
#...........
############.


You could see a shadow imp.

Vanquished Creatures
  3 adders (D:2)
  An ooze (D:2)
  3 dart slugs (D:1)
  A giant cockroach (D:2)
  5 hobgoblins
  4 jackals (D:1)
  2 kobolds (D:1)
  A quokka (D:2)
  9 bats
  2 frilled lizards (D:2)
  5 goblins
  5 rats
41 creatures vanquished.

Notes
Turn   | Place    | Note
-------+----------+-------------------------------------------
     0 | D:1      | Descartes the Spriggan Warper began the quest for the Orb.
     0 | D:1      | Reached XP level 1. HP: 10/10 MP: 5/5
    50 | D:1      | Reached skill level 1 in Stealth
    80 | D:1      | Reached XP level 2. HP: 14/14 MP: 6/6
   487 | D:1      | Reached XP level 3. HP: 18/18 MP: 8/8
   549 | D:2      | Learned a level 2 spell: Blink
   552 | D:2      | Learned a level 2 spell: Shroud of Golubria
   912 | D:2      | Found a faded altar of an unknown god.
   970 | D:2      | Reached skill level 1 in Charms
  1158 | D:2      | Reached XP level 4. HP: 23/23 MP: 10/10
  1587 | D:2      | Slain by a shadow imp

Skill      XL: |  1  2  3 |
---------------+----------+-----
Stealth        | 1 2 |  2.5
Spellcasting   | 3 |  3.3
Dodging        | 4 |  4.3
Charms         | 1 |  1.4
Fighting       | |  1.8
Short Blades   | |  2.9
Throwing       | |  1.0
Translocations | |  4.5

Action                   |  1- 3 |  4- 6 || total
-------------------------+-------+-------++-------
Melee: Short sword       |   147 |    12 ||   159
       Dagger            |       |    64 ||    64
 Stab: Sleeping          |     2 |     1 ||     3
  Eat: Ration            |       |     2 ||     2
Armor: Robe              |     9 |     6 ||    15
Dodge: Dodged            |   122 |    52 ||   174
